 Dungeon Crawl Stone Soup version 0.22.0-21-g8bd1b0a (webtiles) character file.

6258 NormalPerson7T the Magician (level 10, -4/79 HPs)
             Began as a Gnoll Skald on Aug 19, 2018.
             Was an Elder of Cheibriados.
             Slain by Urug
             ... wielding a +3 double sword of slicing
              (5 damage)
             ... on level 2 of the Orcish Mines.
             The game lasted 00:30:35 (3894 turns).

NormalPerson7T the Magician (Gnoll Skald)           Turns: 3894, Time: 00:30:36

Health: -4/79      AC: 10    Str: 24    XL:     10   Next: 93%
Magic:  18/21      EV: 16    Int: 29    God:    Cheibriados [****..]
Gold:   1030       SH:  7    Dex: 24    Spells: 15/24 levels left

rFire    + . .     SeeInvis .   q - +2 spear (freeze)
rCold    . . .     Gourm    .   E - +0 buckler
rNeg     . . .     Faith    .   A - +0 scale mail
rPois    .         Spirit   .   N - +0 helmet
rElec    .         Reflect  .   (no cloak)
rCorr    .         Harm     .   (no gloves)
MR       .....                  n - +0 pair of boots
Stlth    ++........             (no amulet)
HPRegen  0.23/turn              s - +3 ring of slaying
MPRegen  0.17/turn              F - ring of protection from fire

@: very slow
A: distributed training, fangs 1, strong nose
a: Bend Time, Temporal Distortion, Slouch, Renounce Religion


You were on level 2 of the Orcish Mines.
You worshipped Cheibriados.
Cheibriados was greatly pleased with you.
You were very hungry.

You visited 2 branches of the dungeon, and saw 12 of its levels.

You collected 1030 gold pieces.

Inventory:

Hand Weapons
 a - a +0 spear
 q - a +2 spear of freezing (weapon)
 G - a +0 trident
Armour
 n - a +0 pair of boots (worn)
 A - a +0 scale mail (worn)
 E - a +0 buckler (worn)
 H - a +0 leather armour of positive energy
 N - a +0 helmet (worn)
Magical Staves
 L - an uncursed staff of summoning {!a}
 M - an uncursed staff of conjuration {!a}
Jewellery
 s - a +3 ring of slaying (left hand)
 v - an uncursed ring of wizardry
 C - an uncursed ring of protection from cold
 F - a ring of protection from fire (right hand)
Wands
 p - a wand of disintegration (16)
 u - a wand of polymorph (14)
 z - a wand of iceblast (12)
 B - a wand of enslavement (6)
 D - a wand of digging (14)
Scrolls
 g - a scroll of immolation
 j - a scroll of enchant armour {unknown}
 k - a scroll of amnesia {unknown}
 l - a scroll of fear
 m - a scroll of enchant weapon {unknown}
 r - 2 scrolls of remove curse
 t - a scroll of teleportation
 w - 5 scrolls of fog
 x - 2 scrolls of blinking
 y - a scroll of random uselessness {unknown}
 I - a scroll of noise {!r!r}
 K - a scroll of magic mapping {unknown}
Potions
 c - a potion of curing
 d - a potion of magic
 f - 2 potions of haste
 h - a potion of heal wounds
 i - a potion of degeneration {unknown}
 o - 2 potions of invisibility
 J - a potion of agility
Comestibles
 e - 25 rations


   Skills:
 + Level 7.3 Fighting
 + Level 5.6 Short Blades
 + Level 5.6 Long Blades
 + Level 5.6 Axes
 + Level 5.6 Maces & Flails
 + Level 7.3 Polearms
 + Level 5.6 Staves
 + Level 5.6 Slings
 + Level 5.6 Bows
 + Level 5.6 Crossbows
 + Level 5.6 Throwing
 + Level 6.2 Armour
 + Level 7.3 Dodging
 + Level 5.6 Stealth
 + Level 5.6 Shields
 + Level 5.6 Unarmed Combat
 + Level 7.6 Spellcasting
 + Level 4.6 Conjurations
 + Level 4.6 Hexes
 + Level 7.3 Charms
 + Level 4.6 Summonings
 + Level 4.6 Necromancy
 + Level 4.6 Translocations
 + Level 4.6 Transmutations
 + Level 4.6 Fire Magic
 + Level 4.6 Ice Magic
 + Level 4.6 Air Magic
 + Level 4.6 Earth Magic
 + Level 4.6 Poison Magic
 + Level 6.2 Invocations
 + Level 5.6 Evocations


You had 15 spell levels left.
You knew the following spells:

 Your Spells              Type           Power        Failure   Level  Hunger
a - Infusion              Chrm           ####         1%          1    None
r - Regeneration          Chrm/Necr      #####.....   2%          3    None
s - Spectral Weapon       Hex/Chrm       #####...     2%          3    None
x - Shroud of Golubria    Chrm/Tloc      #####.....   1%          2    None

Your spell library contained the following spells:

 Spells                   Type           Power        Failure   Level  Hunger
 Song of Slaying          Chrm           ######..     1%          2    None


Dungeon Overview and Level Annotations

Branches:
Dungeon (10/15)               Orc (2/2) D:9
 Temple: D:4-7         Lair: D:8-11         Elf: Orc:2

Altars:
Ashenzari
Cheibriados
Dithmenos
Fedhas
Gozag
Hepliaklqana
Kikubaaqudgha
Qazlal
Sif Muna

Shops:
D:9 %   Orc:2 [

Annotations:
D:3 3 runed doors, Rayvis's ghost, amateur GnTm
D:6 2 transporters
D:8 Psyche
Orc:2 Urug


Innate Abilities, Weirdness & Mutations

Your experience applies equally to all skills.
You have very sharp teeth.
Your uncanny sense of smell can sniff out nearby items.


Message History

Urug hits you with a double sword of slicing!!
You barely miss Urug. You bite Urug, but do no damage.
Your spectral weapon hits Urug from afar.
Your spectral weapon freezes Urug.
Urug hits you with a double sword of slicing!
You puncture Urug! You freeze Urug.
Urug is moderately wounded.
Your spectral weapon hits Urug from afar.
Your spectral weapon freezes Urug.
You puncture Urug! You freeze Urug. Your bite misses Urug.
Urug is heavily wounded.
Your spectral weapon hits Urug from afar!
Your spectral weapon freezes Urug.
Urug hits you with a double sword of slicing!
* * * LOW HITPOINT WARNING * * *
* * * LOW HITPOINT WARNING * * *
You fail to use your ability.
Urug hits you with a double sword of slicing!
* * * LOW HITPOINT WARNING * * *
You die...

##........# ##.
###.......... #..
###............ ##..
#.........#.... #...
#.........#.... #..
###........###<..
##..##.#.......###....
#...............###...
##...@.#.#.......#....
#..(o######.#.........
##...# #.#.........
#..... #####.......
#..... ........
#...... ...... #....o.
...... ##...### ......
.....


You could see Urug and a friendly spectral spear of freezing.

Vanquished Creatures
  Pikel (D:5)
  2 trolls (Orc:2)
  2 hippogriffs (D:7)
  2 wyverns
  A yak (D:7)
  3 hogs (D:7)
  A human (D:7)
  A porcupine (D:10)
  3 water moccasins
  A sky beast (D:9)
  A black bear (D:10)
  6 orc warriors
  An ice beast (D:7)
  A necrophage (D:7)
  4 ogres
  3 phantoms
  A centaur (D:8)
  A big kobold (D:8)
  A bullfrog (D:10)
  A gnoll sergeant (D:8)
  2 scorpions
  4 killer bees (D:10)
  4 crimson imps
  A centaur zombie (D:7)
  A quasit (D:3)
  13 orc priests
  4 hounds
  A jelly (D:9)
  3 centaur skeletons
  A hell rat (D:10)
  Terence (D:3)
  2 iguanas
  15 orc wizards
  A worker ant (D:4)
  3 hound zombies
  A worker ant zombie (D:10)
  5 gnolls
  6 adders
  2 worms
  A dart slug (D:3)
  A leopard gecko (D:3)
  26 orcs
  2 bats (D:2)
  4 giant cockroaches
  A goblin (D:3)
  3 hobgoblins
  2 jackals (D:7)
  4 quokkas
  A ball python (D:4)
  2 frilled lizards
  A jackal zombie (D:9)
  7 kobolds
  A leopard gecko skeleton (D:4)
  A leopard gecko zombie (D:6)
  A quokka skeleton (D:4)
165 creatures vanquished.

Vanquished Creatures (others)
  A centaur (D:5)
  A bullfrog (D:5)
  An adder (D:5)
  A leopard gecko (D:5)
  6 spectral weapons
10 creatures vanquished.

Grand Total: 175 creatures vanquished

Notes
Turn   | Place    | Note
-------+----------+-------------------------------------------
     0 | D:1      | NormalPerson7T the Gnoll Skald began the quest for the Orb.
     0 | D:1      | Reached XP level 1. HP: 20/20 MP: 6/6
    38 | D:1      | Reached XP level 2. HP: 26/26 MP: 2/7
   178 | D:2      | Learned a level 2 spell: Shroud of Golubria
   193 | D:3      | Found a snail-covered altar of Cheibriados.
   205 | D:3      | Became a worshipper of Cheibriados the Contemplative
   248 | D:3      | Reached skill level 1 in Short Blades
   248 | D:3      | Reached skill level 1 in Long Blades
   248 | D:3      | Reached skill level 1 in Axes
   248 | D:3      | Reached skill level 1 in Maces & Flails
   248 | D:3      | Reached skill level 1 in Staves
   248 | D:3      | Reached skill level 1 in Slings
   248 | D:3      | Reached skill level 1 in Bows
   248 | D:3      | Reached skill level 1 in Crossbows
   248 | D:3      | Reached skill level 1 in Throwing
   248 | D:3      | Reached skill level 1 in Stealth
   248 | D:3      | Reached skill level 1 in Shields
   248 | D:3      | Reached skill level 1 in Unarmed Combat
   248 | D:3      | Reached skill level 5 in Spellcasting
   248 | D:3      | Reached skill level 1 in Invocations
   248 | D:3      | Reached skill level 1 in Evocations
   248 | D:3      | Reached XP level 3. HP: 31/31 MP: 1/9
   253 | D:3      | Reached XP level 4. HP: 38/38 MP: 0/11
   283 | D:3      | Learned a level 3 spell: Regeneration
   287 | D:3      | Learned a level 3 spell: Spectral Weapon
   296 | D:3      | Noticed Terence
   306 | D:3      | Killed Terence
   331 | D:3      | Reached skill level 1 in Conjurations
   331 | D:3      | Reached skill level 1 in Hexes
   331 | D:3      | Reached skill level 1 in Summonings
   331 | D:3      | Reached skill level 1 in Necromancy
   331 | D:3      | Reached skill level 1 in Translocations
   331 | D:3      | Reached skill level 1 in Transmutations
   331 | D:3      | Reached skill level 1 in Fire Magic
   331 | D:3      | Reached skill level 1 in Ice Magic
   331 | D:3      | Reached skill level 1 in Air Magic
   331 | D:3      | Reached skill level 1 in Earth Magic
   331 | D:3      | Reached skill level 1 in Poison Magic
   533 | D:4      | Found a deep blue altar of Sif Muna.
   702 | D:4      | Reached XP level 5. HP: 42/43 MP: 3/12
   704 | D:4      | Reached * piety under Cheibriados
   919 | D:3      | Found a runed gate.
   920 | D:3      | Found a runed gate.
   921 | D:3      | Found a runed gate.
   921 | D:3      | Noticed Rayvis's ghost (amateur GnTm)
   922 | D:3      | Noticed a big kobold
   923 | D:3      | Noticed a big kobold
  1123 | D:5      | Entered Level 5 of the Dungeon
  1172 | D:5      | Noticed Pikel
  1172 | D:5      | Noticed a slave
  1172 | D:5      | Noticed a slave
  1172 | D:5      | Noticed a slave
  1208 | D:5      | Killed Pikel
  1208 | D:5      | Reached skill level 5 in Fighting
  1208 | D:5      | Reached skill level 5 in Polearms
  1208 | D:5      | Reached skill level 5 in Dodging
  1208 | D:5      | Reached XP level 6. HP: 5/51 MP: 4/14
  1208 | D:5      | Reached XP level 7. HP: 5/56 MP: 4/15
  1559 | D:6      | Found a transporter.
  1569 | D:6      | Found a transporter.
  1645 | D:6      | Reached XP level 8. HP: 52/63 MP: 9/16
  1750 | D:6      | Found an ancient bone altar of Kikubaaqudgha.
  1989 | D:7      | Noticed a hippogriff
  1996 | D:7      | Killed a hippogriff
  2019 | D:7      | Found a shattered altar of Ashenzari.
  2047 | D:7      | Reached ** piety under Cheibriados
  2112 | D:7      | Noticed a wyvern
  2122 | D:7      | Killed a wyvern
  2122 | D:7      | Reached XP level 9. HP: 69/69 MP: 12/18
  2227 | D:7      | Found a shadowy altar of Dithmenos.
  2247 | D:7      | Found an opulent altar of Gozag.
  2253 | D:7      | Reached skill level 5 in Armour
  2301 | D:7      | Found a stormy altar of Qazlal.
  2344 | D:7      | Reached skill level 5 in Invocations
  2425 | D:7      | Reached *** piety under Cheibriados
  2468 | D:8      | Reached XP level 10. HP: 77/77 MP: 17/20
  2577 | D:8      | You fall through a shaft!
  2580 | D:9      | Found a shadowy altar of Dithmenos.
  2671 | D:8      | Reached skill level 5 in Short Blades
  2671 | D:8      | Reached skill level 5 in Long Blades
  2671 | D:8      | Reached skill level 5 in Axes
  2671 | D:8      | Reached skill level 5 in Maces & Flails
  2671 | D:8      | Reached skill level 5 in Staves
  2671 | D:8      | Reached skill level 5 in Slings
  2671 | D:8      | Reached skill level 5 in Bows
  2671 | D:8      | Reached skill level 5 in Crossbows
  2671 | D:8      | Reached skill level 5 in Throwing
  2671 | D:8      | Reached skill level 5 in Stealth
  2671 | D:8      | Reached skill level 5 in Shields
  2671 | D:8      | Reached skill level 5 in Unarmed Combat
  2671 | D:8      | Reached skill level 5 in Evocations
  2692 | D:8      | Noticed Psyche
  2798 | D:9      | Found a staircase to the Orcish Mines.
  2850 | Orc:1    | Entered Level 1 of the Orcish Mines
  3065 | D:9      | Found Miusejoq's Food Shop.
  3105 | D:10     | Entered Level 10 of the Dungeon
  3115 | D:10     | Reached **** piety under Cheibriados
  3132 | D:10     | Found a blossoming altar of Fedhas.
  3385 | D:10     | Noticed a death yak
  3396 | D:10     | Noticed a death yak
  3397 | D:10     | Noticed a death yak
  3436 | D:9      | Found a hazy altar of Hepliaklqana.
  3537 | Orc:2    | Entered Level 2 of the Orcish Mines
  3754 | Orc:2    | Found Rownax's Armour Boutique.
  3774 | Orc:1    | Reached ***** piety under Cheibriados
  3880 | Orc:2    | Noticed Urug
  3894 | Orc:2    | HP: 1/79 [Urug/double sword of slicing (15)]
  3894 | Orc:2    | Slain by Urug

Skill      XL: |  1  2  3  4  5  6  7  8  9 10 |
---------------+-------------------------------+-----
Short Blades   | 1 2 3 4 5 |  5.6
Long Blades    | 1 2 3 4 5 |  5.6
Axes           | 1 2 3 4 5 |  5.6
Maces & Flails | 1 2 3 4 5 |  5.6
Staves         | 1 2 3 4 5 |  5.6
Slings         | 1 2 3 4 5 |  5.6
Bows           | 1 2 3 4 5 |  5.6
Crossbows      | 1 2 3 4 5 |  5.6
Throwing       | 1 2 3 4 5 |  5.6
Stealth        | 1 2 3 4 5 |  5.6
Shields        | 1 2 3 4 5 |  5.6
Unarmed Combat | 1 2 3 4 5 |  5.6
Spellcasting   | 5 6 7 |  7.6
Invocations    | 1 2 3 4 5 6 |  6.2
Evocations     | 1 2 3 4 5 |  5.6
Conjurations   | 1 2 3 4 |  4.6
Hexes          | 1 2 3 4 |  4.6
Summonings     | 1 2 3 4 |  4.6
Necromancy     | 1 2 3 4 |  4.6
Translocations | 1 2 3 4 |  4.6
Transmutations | 1 2 3 4 |  4.6
Fire Magic     | 1 2 3 4 |  4.6
Ice Magic      | 1 2 3 4 |  4.6
Air Magic      | 1 2 3 4 |  4.6
Earth Magic    | 1 2 3 4 |  4.6
Poison Magic   | 1 2 3 4 |  4.6
Armour         | 3 4 5 6 |  6.2
Fighting       | 5 6 7 |  7.3
Polearms       | 5 6 7 |  7.3
Dodging        | 5 6 7 |  7.3
Charms         | 6 7 |  7.3

Action                   |  1- 3 |  4- 6 |  7- 9 | 10-12 || total
-------------------------+-------+-------+-------+-------++-------
Melee: Spear             |    39 |    74 |   161 |   218 ||   492
       Bite              |     3 |     5 |    24 |    34 ||    66
       Punch             |       |     2 |     1 |       ||     3
 Cast: Infusion          |     4 |     3 |       |       ||     7
       Spectral Weapon   |       |    10 |    18 |    24 ||    52
       Shroud of Golubri |       |     2 |     2 |       ||     4
       Regeneration      |       |     1 |     6 |     9 ||    16
Invok: Bend Time         |     1 |     1 |     2 |     1 ||     5
       Slouch            |       |       |       |     1 ||     1
Evoke: Wand              |       |       |     2 |       ||     2
  Use: Potion            |     1 |     1 |       |     1 ||     3
       Scroll            |       |     3 |     7 |     5 ||    15
 Stab: Sleeping          |     1 |     4 |     3 |     4 ||    12
       Distracted        |       |       |     5 |     3 ||     8
  Eat: Ration            |       |       |     1 |       ||     1
       Chunk             |       |       |     1 |     2 ||     3
Armor: Leather armour    |    12 |     9 |     3 |       ||    24
       Scale mail        |       |       |    23 |    36 ||    59
Dodge: Dodged            |    18 |    62 |    63 |   105 ||   248
Block: Buckler           |       |       |    15 |    41 ||    56
